 Dungeon Crawl Stone Soup version 0.30.1-11-g7821555f0a (webtiles) character file.

Game seed: 537684885960813688

145596 fireball365 the Executioner (level 17, -2/168 HPs)
             Began as a Hill Orc Fighter on Dec 19, 2023.
             Was an Initiate of Gozag.
             Shot with an arrow by a deep elf archer (16 damage)
             ... on level 2 of the Elven Halls.
             The game lasted 01:08:43 (31123 turns).

fireball365 the Executioner (Hill Orc Fighter)     Turns: 31123, Time: 01:08:47

Health: -2/168     AC: -3    Str: 35    XL:     17   Next: 42%
Magic:  0/17       EV: 13    Int: 11    God:    Gozag
Gold:   9423       SH:  0    Dex: 20    Spells: 16/16 levels left

rFire   . . .        w - +0 executioner's axe (heavy)
rCold   . . .        (shield currently unavailable)
rNeg    . . .        K - +0 plate armour
rPois   +            C - +2 helmet {Int+3}
rElec   .            B - +2 cloak
rCorr   .            m - +2 pair of gloves
SInv    .            M - +1 pair of boots
Will    ++...        A - amulet of Rusit {Spirit Str+2 Dex+4} Stlth
                     v - +6 ring of dexterity
HPRegen 0.48/turn    r - +6 ring of strength
MPRegen 0.15/turn

%: guardian spirit
@: corroded, gold aura, studying Transmutations
A: iridescent scales 1, strong-willed 1, poison resistance
a: Renounce Religion, Potion Petition, Call Merchant, Bribe Branch


You were on level 2 of the Elven Halls.
You worshipped Gozag.
Gozag was greatly pleased with you.
You visited 7 branches of the dungeon, and saw 28 of its levels.
You also visited: Sewer and Ice Cave.

You collected 10048 gold pieces.
You spent 483 gold pieces at shops.
You paid 142 gold pieces to Gozag.

Inventory:

Hand Weapons
 c - a +3 great mace
 w - a +0 heavy executioner's axe (weapon)
 x - a +3 vampiric broad axe
 y - a +2 battleaxe of freezing
 J - a +2 battleaxe of venom
Missiles
 e - 29 boomerangs (quivered)
 k - 39 poisoned darts
Armour
 l - the +2 chain mail "Fugg" {Harm Fly rC++ Int-3}
   (You found it on level 2 of the Dungeon)

   Int:       It affects your intelligence (-3).
   rC:        It greatly protects you from cold.
   Fly:       It grants you flight.
   Harm:      It increases damage dealt and taken.
 m - a +2 pair of gloves (worn)
 B - a +2 cloak (worn)
 C - a +2 helmet of intelligence (worn)
 K - a +0 plate armour (worn)
 M - a +1 pair of boots (worn)
 N - a +0 kite shield
Jewellery
 h - a +4 ring of slaying
 i - a +6 ring of intelligence
 r - a +6 ring of strength (right hand)
 v - a +6 ring of dexterity (left hand)
 A - the amulet of Rusit (around neck) {Spirit Str+2 Dex+4}
   (You acquired it in a sewer)

   [amulet of guardian spirit]

   It causes incoming damage to be divided between your reserves of health and
   magic.
   Str:       It affects your strength (+2).
   Dex:       It affects your dexterity (+4).
 S - an amulet of regeneration
Wands
 o - a wand of iceblast (5)
 L - a wand of polymorph (6)
 T - a wand of acid (11)
Scrolls
 b - 2 scrolls of fog
 g - 13 scrolls of teleportation
 p - 2 scrolls of torment
 s - 2 scrolls of brand weapon
 u - a scroll of summoning
 D - 4 scrolls of blinking
 F - 4 scrolls of enchant weapon
 I - 8 scrolls of identify
 O - 2 scrolls of immolation
 P - a scroll of magic mapping
 Q - 5 scrolls of poison
 V - a scroll of fear
 W - 3 scrolls of enchant armour
Potions
 a - 2 potions of resistance
 d - 4 potions of might
 f - a potion of lignification
 j - a potion of berserk rage
 n - 4 potions of flight
 q - 7 potions of haste
 t - a potion of heal wounds
 z - 3 potions of invisibility
 E - 8 potions of curing
 G - 6 potions of brilliance
 H - 2 potions of cancellation
 Y - 2 potions of magic
Miscellaneous
 R - a piece from Xom's chessboard (15/15)
 Z - a phial of floods


   Skills:
 + Level 19.0 Fighting
 + Level 24.2 Axes
 + Level 15.4 Armour
 + Level 6.5 Dodging
 + Level 4.5 Stealth
 + Level 14.0 Shields
 + Level 2.1 Evocations


You had 16 spell levels left.
You didn't know any spells.
Your spell library contained the following spells:

 Spells                   Type           Power      Damage    Failure   Level
 Freeze                   Ice            0%         1d3       83%         1
 Kiss of Death            Conj/Necr      0%         2d5       83%         1
 Necrotise                Necr           0%         1d4       83%         1
 Blink                    Tloc           0%         N/A       92%         2
 Cigotuvi's Dreadful Rot  Necr/Pois/Air  0%         N/A       92%         2
 Lesser Beckoning         Tloc           0%         N/A       92%         2
 Momentum Strike          Conj/Tloc      0%         3d8       92%         2
 Poisonous Vapours        Pois/Air       0%         N/A       92%         2
 Static Discharge         Conj/Air       0%         2-2/arc   92%         2
 Call Canine Familiar     Summ           0%         N/A       99%         3
 Frozen Ramparts          Ice            0%         1d1       99%         3
 Gell's Gravitas          Tloc           0%         N/A       99%         3
 Hailstorm                Conj/Ice       0%         3d3       99%         3
 Ignite Poison            Fire/Tmut/Pois 0%         N/A       99%         3
 Mephitic Cloud           Conj/Pois/Air  0%         N/A       99%         3
 Portal Projectile        Hex/Tloc       0%         N/A       99%         3
 Teleport Other           Tloc           0%         N/A       99%         3
 Tukima's Dance           Hex            0%         N/A       99%         3
 Vampiric Draining        Necr           0%         2d6       99%         3
 Vhi's Electric Charge    Tloc/Air       0%         N/A       99%         3
 Leda's Liquefaction      Hex/Erth       0%         N/A       100%        4
 Passage of Golubria      Tloc           0%         N/A       100%        4
 Agony                    Necr           0%         N/A       100%        5
 Arcjolt                  Conj/Air       0%         1d10      100%        5
 Freezing Cloud           Conj/Ice/Air   0%         6-21      100%        5
 Yara's Violent Unravell  Hex/Tmut       0%         3d3       100%        5
 Plasma Beam              Fire/Air       0%         2x1d11    100%        6
 Ozocubu's Refrigeration  Ice            0%         4d7       100%        7
 Polar Vortex             Ice            0%         N/A       100%        9
 Simulacrum               Ice/Necr       Unusable   N/A       N/A         6

Dungeon Overview and Level Annotations

Branches:
Dungeon (15/15)            Temple (1/1) D:5            Lair (5/5) D:10
 Shoals (1/4) Lair:3        Snake (1/4) Lair:2        Slime (0/5) Lair:5
    Orc (2/2) D:12            Elf (3/3) Orc:2        Vaults (0/5) D:14
 Depths (0/4) D:15          Sewer (visited)           IceCv (visited)

Altars:
Ashenzari
Cheibriados
Dithmenos
Elyvilon
Fedhas
Gozag
Hepliaklqana
Kikubaaqudgha
Makhleb
Nemelex Xobeh
Okawaru
Qazlal
Ru
Sif Muna
Trog
Uskayaw
Vehumet
Wu Jian
Xom
Yredelemnul
Zin
The Shining One
Beogh

Shops:
D:3 :   D:11 ?   Orc:2 ((=[   Snake:1 (!:

Annotations:
D:14 2 transporters, Amadud's ghost, journeyman GnWn
Elf:2 3 runed translucent doors


Innate Abilities, Weirdness & Mutations

You are partially covered in iridescent scales. (AC +2)
You are strong-willed. (Will+)
Your system is resistant to poisons. (rPois)


Message History

You hit the deep elf zephyrmancer but do no damage.
The deep elf zephyrmancer hits you with a +0 long sword!
The rust devil hits you. The rust devil corrodes you!
You hit the rust devil but do no damage.
The rust devil is moderately wounded.
You open the deep elf zephyrmancer like a pillowcase!!!!
You kill the deep elf zephyrmancer!
The deep elf pyromancer is distracted by your dazzling golden aura.
The rust devil hits you! The rust devil corrodes you!
The deep elf archer casts a spell.
The deep elf archer blinks!
The deep elf pyromancer shouts!
You slice the rust devil like a ripe choko!!!!
You kill the rust devil!
The rust devil disappears in a puff of smoke!
The deep elf archer shoots an arrow.
The arrow hits you!!
You hear a loud "Zot"!
The deep elf demonologist hits you with a +0 long sword!
The deep elf archer shoots an arrow.
The arrow hits you!!
* * * LOW HITPOINT WARNING * * *
There is an open door, spattered with blood here.
You closely miss the deep elf demonologist.
The deep elf pyromancer is no longer distracted by gold.
The deep elf pyromancer mumbles some strange words.
The deep elf pyromancer blinks!
The deep elf demonologist barely misses you.
The deep elf archer shoots an arrow.
The arrow hits you!!
* * * LOW HITPOINT WARNING * * *
The deep elf demonologist misses you.
You hear a shout!
You feel much better.
The deep elf archer shoots an arrow.
The arrow hits you!
* * * LOW HITPOINT WARNING * * *
The deep elf demonologist hits you with a +0 long sword.
* * * LOW HITPOINT WARNING * * *
Blink to where?
Press: ? - help, Q - select action, (/) - cycle Dir - move target
As you read the scroll of blinking, it crumbles to dust.
The deep elf archer shoots an arrow.
The arrow hits you!
You die...
Your body crumbles into a pile of gold.

####### ### #.?...#
#.# ##.....+# ##.##
#.[@....# #...#
##.......## ##<..##
#.$$).....# #.....#
##..)....## ##<....##
#..e....# #.......#
##'.....+# #..)....#
##.#.$...#
###.'.#####.####ยง###
##'#####.## #e#


You could see a deep elf archer (repels missiles).

Vanquished Creatures
  Rupert (Lair:5)
  A deep elf blademaster (Elf:2)
  A deep elf sorcerer (Elf:1)
  3 frost giants (IceCv)
  A deep elf elementalist (Elf:2)
  An orc warlord (Orc:2)
  A white draconian (IceCv)
  2 dire elephants (Lair:5)
  An ettin (D:15)
  9 ice dragons
  2 anacondas (Snake:1)
  2 peacekeepers (Elf:2)
  5 ironbound frosthearts (IceCv)
  An ogre mage (D:14)
  A catoblepas (D:14)
  7 two-headed ogres
  A death knight (D:14)
  2 boulder beetles
  7 centaur warriors
  A naga warrior (Snake:1)
  The ghost of GrumpyGrim72 the Conjurer, a novice DrCj of Vehumet (D:12)
  16 dancing weapons
  A death yak (Lair:5)
  2 tengu warriors (D:15)
  A shock serpent (Snake:1)
  2 naga sharpshooters (Snake:1)
  11 deep elf knights
  3 skysharks
  Amaemon (D:11)
  4 skeletal warriors (D:15)
  A spectral anaconda (Lair:5)
  A naga ritualist (Snake:1)
  A deep troll (D:15)
  An orange crystal statue (IceCv)
  2 wizards (D:15)
  An obsidian statue (Lair:5)
  Pikel (D:5)
  4 necromancers
  3 deep elf archers
  11 deep elf pyromancers
  17 deep elf zephyrmancers
  A mana viper (Snake:1)
  A phantasmal warrior (D:12)
  25 ugly things
  The ghost of bnorton916 the Vexing, a novice DECj of Gozag (D:7)
  7 orc knights
  A salamander (Snake:1)
  3 orc sorcerers
  A manticore (shapeshifter) (Elf:2)
  5 cyclopes
  12 black mambas
  2 merfolk sirens
  2 manticores
  A guardian serpent (Snake:1)
  2 torpor snails (Lair:3)
  17 elephants
  An orange demon (D:11)
  7 cane toads
  A naga mage (Snake:1)
  3 dire elephant skeletons (Lair:5)
  3 gargoyles
  12 rime drakes
  9 komodo dragons
  2 tengu conjurers (D:13)
  4 yaktaurs (D:14)
  A queen bee (shapeshifter) (D:14)
  9 polar bears
  5 trolls
  3 meliai (D:13)
  A wolf spider simulacrum (D:15)
  5 blink frogs (Lair:2)
  A spectral elephant (Lair:5)
  4 shadows
  6 slime creatures (D:12)
  Sigmund (D:3)
  A culicivora (shapeshifter) (Elf:1)
  3 water elementals
  8 wyverns
  A fire elemental (Elf:1)
  33 yaks
  A steam dragon (D:8)
  16 vampire mosquitoes
  4 basilisks
  A death yak simulacrum (Lair:5)
  Edmund (D:6)
  9 nagas
  4 wargs
  A spectral cane toad (Lair:5)
  2 acid dragons (D:12)
  9 water moccasins
  Pargi (Sewer)
  A sky beast (D:7)
  Duvessa (D:5)
  37 orc warriors
  A meliai simulacrum (D:12)
  4 black bears
  5 ice beasts
  9 ogres
  5 wolves
  2 elephant zombies (Lair:5)
  2 elephant skeletons (Lair:5)
  18 centaurs
  A lemure (D:5)
  A phantom (D:5)
  Blork the orc (D:6)
  6 bullfrogs
  4 kobold brigands
  4 gnoll sergeants
  3 scorpions
  8 wights
  Dowan (D:5)
  4 killer bees (D:8)
  2 elephant simulacra (Lair:5)
  2 electric eels (Lair:3)
  8 howler monkeys
  3 hounds (D:6)
  4 jellies
  16 orc priests
  2 gnoll boudas
  2 iguanas
  26 orc wizards
  Robin (D:3)
  23 gnolls
  8 adders
  2 river rats (D:4)
  A shadow imp (D:7)
  2 white imps
  2 ufetubi
  4 worms (D:4)
  2 dart slugs (D:4)
  76 orcs
  8 endoplasms
  4 giant cockroaches (D:3)
  20 goblins
  12 hobgoblins
  5 jackals
  22 kobolds
  4 quokkas
  8 ball pythons
  17 bats
  4 frilled lizards
  6 rats
803 creatures vanquished.

Vanquished Creatures (others)
  An orc warrior (Orc:2)
  An orc (Orc:2)
2 creatures vanquished.

Grand Total: 805 creatures vanquished

Notes
Turn   | Place    | Note
-------+----------+-------------------------------------------
     0 | D:1      | fireball365 the Hill Orc Fighter began the quest for the
                  | Orb.
     0 | D:1      | Reached XP level 1. HP: 19/19 MP: 1/1
   240 | D:1      | Reached XP level 2. HP: 27/27 MP: 2/2
   508 | D:1      | Reached skill level 3 in Axes
   537 | D:1      | Found a faded altar of an unknown god.
   894 | D:2      | Identified the +2 chain mail "Fugg" {Harm Fly rC++ Int-3}
   908 | D:2      | Reached XP level 3. HP: 28/33 MP: 3/3
  1175 | D:2      | Reached skill level 4 in Axes
  1175 | D:2      | Reached XP level 4. HP: 38/40 MP: 4/4
  1491 | D:3      | Noticed Robin
  1502 | D:3      | Killed Robin
  1660 | D:3      | Reached skill level 5 in Axes
  1732 | D:3      | Reached XP level 5. HP: 42/45 MP: 5/5
  1807 | D:3      | Found a blossoming altar of Fedhas.
  1811 | D:3      | Found a snail-covered altar of Cheibriados.
  1860 | D:3      | Identified the +2 robe of the Albatross {rC+++ Will+ Str+5
                  | Dex-2}
  1909 | D:3      | Noticed Sigmund
  1931 | D:3      | Killed Sigmund
  1932 | D:3      | Reached skill level 6 in Axes
  1932 | D:3      | Reached XP level 6. HP: 24/55 MP: 6/6
  2287 | D:3      | Found Kemi's Book Shop.
  2603 | D:4      | Reached skill level 5 in Fighting
  2624 | D:4      | Found a glowing drain.
  2632 | Sewer    | Entered a sewer
  2756 | Sewer    | Reached skill level 7 in Axes
  2756 | Sewer    | Reached XP level 7. HP: 55/61 MP: 7/7
  2791 | Sewer    | Noticed Pargi
  2804 | Sewer    | Killed Pargi
  2849 | Sewer    | Identified 2 scrolls of acquirement
  2849 | Sewer    | Acquired the amulet of Rusit {Spirit Str+2 Dex+4}
  2863 | Sewer    | Acquired 1227 gold pieces
  3223 | D:4      | Reached skill level 8 in Axes
  3774 | D:5      | Entered Level 5 of the Dungeon
  3774 | D:5      | Found a staircase to the Ecumenical Temple.
  3803 | Temple   | Entered the Ecumenical Temple
  3803 | Temple   | Found a transporter.
  3803 | Temple   | Found a transporter.
  3805 | Temple   | Found a transporter.
  3805 | Temple   | Found a transporter.
  4105 | D:5      | Noticed Pikel
  4115 | D:5      | Killed Pikel
  4116 | D:5      | Reached skill level 9 in Axes
  4116 | D:5      | Reached skill level 1 in Dodging
  4116 | D:5      | Reached skill level 5 in Shields
  4116 | D:5      | Reached XP level 8. HP: 70/70 MP: 6/8
  4330 | D:5      | Noticed Duvessa
  4330 | D:5      | Noticed Dowan
  4341 | D:5      | Killed Dowan
  4342 | D:5      | Reached skill level 10 in Axes
  4349 | D:5      | Killed Duvessa
  4465 | D:5      | Reached skill level 5 in Armour
  4551 | D:6      | Reached XP level 9. HP: 75/78 MP: 9/9
  4565 | D:6      | Noticed Blork the orc
  4567 | D:6      | Killed Blork the orc
  4693 | D:6      | Reached skill level 11 in Axes
  4725 | D:6      | Found an opulent altar of Gozag.
  4753 | D:6      | Became a worshipper of Gozag Ym Sagoz the Greedy
  4800 | D:6      | Noticed Edmund
  4812 | D:6      | Killed Edmund
  4931 | D:6      | Reached skill level 1 in Stealth
  5603 | D:6      | Reached skill level 12 in Axes
  5873 | D:7      | Found a runed translucent gate.
  5875 | D:7      | Found a runed translucent gate.
  5877 | D:7      | Found a runed translucent gate.
  5879 | D:7      | Noticed bnorton916's ghost (novice DECj)
  6839 | D:7      | Reached XP level 10. HP: 79/88 MP: 8/10
  7107 | D:8      | Reached skill level 13 in Axes
  7273 | D:8      | Found a broken altar of Ashenzari.
  7862 | D:9      | Found a shadowy altar of Dithmenos.
  7915 | D:9      | Reached skill level 14 in Axes
  8102 | D:7      | Killed bnorton916's ghost
  8215 | D:10     | Entered Level 10 of the Dungeon
  8252 | D:10     | Noticed a gargoyle
  8261 | D:10     | Killed a gargoyle
  8335 | D:10     | Reached XP level 11. HP: 95/95 MP: 11/11
  8435 | D:10     | Noticed a two-headed ogre
  8450 | D:10     | Reached skill level 15 in Axes
  8452 | D:10     | Killed a two-headed ogre
  8574 | D:10     | Identified the +0 ring mail of Submission {rElec rPois
                  | Slay+3}
  8639 | D:10     | Found a staircase to the Lair.
  9226 | D:11     | Found an ancient bone altar of Kikubaaqudgha.
  9258 | D:11     | Noticed a cyan ugly thing
  9265 | D:11     | Killed a cyan ugly thing
  9325 | D:11     | Found Cix Uhyn's Magic Scroll Emporium.
  9342 | D:11     | Bought a scroll of teleportation for 42 gold pieces
  9342 | D:11     | Bought a scroll of identify for 28 gold pieces
  9342 | D:11     | Bought a scroll of blinking for 105 gold pieces
  9343 | D:11     | Bought a scroll of immolation for 56 gold pieces
  9343 | D:11     | Gained mutation: You occasionally lose the ability to drink
                  | potions when taking damage. [potion of mutation]
  9343 | D:11     | Gained mutation: You are robust. (+10% HP) [potion of
                  | mutation]
  9343 | D:11     | Gained mutation: You are strong-willed. (Will+) [potion of
                  | mutation]
  9344 | D:11     | Lost mutation: You are robust. (+10% HP) [potion of
                  | mutation]
  9344 | D:11     | Lost mutation: You occasionally lose the ability to drink
                  | potions when taking damage. [potion of mutation]
  9344 | D:11     | Gained mutation: Your system is resistant to poisons.
                  | (rPois) [potion of mutation]
  9344 | D:11     | Gained mutation: You are partially covered in iridescent
                  | scales. (AC +2) [potion of mutation]
  9445 | D:11     | Identified the +3 leather armour of Qenygiod {rPois}
  9502 | D:11     | Noticed a two-headed ogre
  9514 | D:11     | Killed a two-headed ogre
  9718 | D:11     | Reached skill level 16 in Axes
  9772 | D:11     | Noticed a manticore
  9785 | D:11     | Killed a manticore
  9971 | D:11     | Noticed Amaemon
  9997 | D:11     | Killed Amaemon
  9998 | D:11     | Reached skill level 10 in Fighting
 10006 | D:11     | Noticed a two-headed ogre
 10056 | D:11     | Killed a two-headed ogre
 10358 | D:11     | Reached XP level 12. HP: 101/107 MP: 12/12
 10710 | D:12     | Reached skill level 1 in Evocations
 10718 | D:12     | Noticed a two-headed ogre
 10732 | D:12     | Killed a two-headed ogre
 10862 | D:12     | Found a staircase to the Orcish Mines.
 10981 | D:12     | Noticed a two-headed ogre
 11001 | D:12     | Killed a two-headed ogre
 11039 | D:12     | Noticed GrumpyGrim72's ghost (novice DrCj)
 11044 | D:12     | Found a runed translucent gate.
 11044 | D:12     | Found a runed translucent gate.
 11044 | D:12     | Found a runed translucent gate.
 11126 | D:12     | Identified the +0 leather armour "Ucsuxkor" {Fly}
 11167 | D:12     | Reached skill level 10 in Armour
 11296 | D:12     | Reached skill level 17 in Axes
 11842 | D:13     | Noticed a centaur warrior
 12113 | Lair:1   | Entered Level 1 of the Lair of Beasts
 13214 | Lair:2   | Reached XP level 13. HP: 116/119 MP: 13/13
 14003 | Lair:2   | Found a staircase to the Snake Pit.
 14581 | Lair:3   | Identified the +3 spear "Bingo" {speed, rF++}
 15170 | Lair:3   | Reached skill level 18 in Axes
 15227 | Lair:3   | Found a staircase to the Shoals.
 15276 | Lair:3   | Found a sacrificial altar of Ru.
 15808 | Lair:4   | Identified the +9 rapier "Mujeits" {freeze, rElec rPois
                  | Int-3 Dex+4}
 16399 | Lair:5   | Entered Level 5 of the Lair of Beasts
 16501 | Lair:5   | Found a staircase to the Slime Pits.
 16770 | Lair:5   | Noticed a dire elephant
 16771 | Lair:5   | Noticed a dire elephant
 16945 | Lair:5   | Noticed Rupert
 16948 | Lair:5   | Paralysed by Rupert for 5 turns
 16965 | Lair:5   | Killed Rupert
 17059 | Lair:5   | Reached skill level 10 in Shields
 17065 | Lair:5   | Reached XP level 14. HP: 122/130 MP: 12/14
 17074 | Lair:5   | Reached skill level 19 in Axes
 17515 | Lair:5   | Killed a dire elephant
 17533 | Lair:5   | Killed a dire elephant
 18855 | Shoals:1 | Entered Level 1 of the Shoals
 19171 | Snake:1  | Entered Level 1 of the Snake Pit
 19171 | Snake:1  | Found Qatiru Qoeg's Distillery.
 19198 | Snake:1  | Bought a potion of heal wounds for 60 gold pieces
 19198 | Snake:1  | Bought a potion of magic for 96 gold pieces
 19198 | Snake:1  | Bought a potion of heal wounds for 60 gold pieces
 19198 | Snake:1  | Bought a potion of curing for 36 gold pieces
 19213 | Snake:1  | Reached skill level 20 in Axes
 20028 | Snake:1  | Found Ikhlionn's Book Boutique.
 20192 | Snake:1  | Reached skill level 15 in Fighting
 20607 | Snake:1  | Found Gibusic's Firing Range.
 21181 | D:12     | Killed GrumpyGrim72's ghost
 21183 | D:12     | Reached skill level 5 in Dodging
 21850 | D:13     | Reached XP level 15. HP: 141/141 MP: 15/15
 22955 | D:14     | Reached skill level 21 in Axes
 22985 | D:14     | Found a transporter.
 23036 | D:14     | Found a transporter.
 23055 | D:14     | Noticed Amadud's ghost (journeyman GnWn)
 23473 | D:14     | Found a gate to the Vaults.
 23509 | D:15     | Entered Level 15 of the Dungeon
 23847 | D:15     | Found a frozen archway.
 23858 | IceCv    | Entered an ice cave
 24037 | IceCv    | Reached skill level 22 in Axes
 24132 | IceCv    | Noticed a frost giant
 24132 | IceCv    | Noticed a frost giant
 24132 | IceCv    | Noticed a frost giant
 24157 | IceCv    | Killed a frost giant
 24177 | IceCv    | Reached XP level 16. HP: 152/154 MP: 5/16
 25241 | D:15     | Found a staircase to the Depths.
 25442 | D:15     | Reached skill level 23 in Axes
 26387 | Orc:1    | Entered Level 1 of the Orcish Mines
 26663 | Orc:1    | You are sucked into a shaft and drop 1 floor!
 26663 | Orc:2    | Entered Level 2 of the Orcish Mines
 27210 | Orc:2    | Found a staircase to the Elven Halls.
 27235 | Orc:2    | Found a roughly hewn altar of Beogh.
 27401 | Orc:2    | Found Zeuqok's Weapon Emporium.
 27401 | Orc:2    | Found Tumajovu's Jewellery Shop.
 27408 | Orc:2    | Found Pudwur's Antique Armour Boutique.
 27412 | Orc:2    | Found Baofeseg's Weapon Shoppe.
 28189 | Elf:1    | Entered Level 1 of the Elven Halls
 28622 | Elf:1    | Got Jyucegev's Directory of Conjuration
 29026 | Elf:1    | You are sucked into a shaft and drop 1 floor!
 29049 | Elf:2    | Noticed a deep elf blademaster
 29082 | Elf:2    | Killed a deep elf blademaster
 29084 | Elf:2    | Reached skill level 24 in Axes
 29124 | Elf:2    | Reached XP level 17. HP: 47/166 MP: 4/17
 29224 | Elf:2    | Reached skill level 15 in Armour
 29504 | Elf:2    | Found a runed translucent gate.
 29504 | Elf:2    | Found a runed translucent gate.
 29505 | Elf:2    | Found a runed translucent gate.
 29557 | Elf:2    | HP: 5/166 [+0 trident of protection (8)]
 29557 | Elf:2    | HP: 2/166 [something (2)]
 29565 | Elf:3    | Entered Level 3 of the Elven Halls
 30387 | Elf:1    | Acquired a +0 heavy executioner's axe
 31123 | Elf:2    | Shot with an arrow by a deep elf archer

Illustrated notes

Levels and vault maps discovered:
D:1:      dpeg_arrival_stonehenge_8_columns, layout_basic,
          shapermc_ecumenical_altar_starsandcircs
D:2:      layout_basic
D:3:      layout_basic, nicolae_overflow_hidden_temple, serial_shops,
          nicolae_shop_tiny_real_fake_doors, corexii_item_surrounded_by_moat,
          minmay_joined_circles, uniq_sigmund, uniq_robin
D:4:      cheibrodos_greedy_goblins, layout_gridville, lightli_sewer_entry_pipes
D:5:      layout_rooms, temple_statues, dk_noncrumbling_4, uniq_pikel,
          uniq_duvessa
D:6:      layout_gridville, nicolae_gozag_seed_capital, uniq_edmund,
          uniq_blork_the_orc
D:7:      layout_basic, ebering_ghost_rock_garden,
          eino_small_chamber_without_monster
D:8:      layout_cave_pools, mainiacjoe_overflow_alcove_4
D:9:      layout_basic, grunt_dithmenos_smoke_and_mirrors
D:10:     layout_gridville, hellmonk_lair_entry_icy, roderic_batcave
D:11:     wad_crossroads, layout_long_grid, serial_shops, shop_scrolls,
          hangedman_abyss_or_decor_passed, minmay_crystal_water,
          nicolae_kikubaaqudgha_miasma_corner, uniq_amaemon
D:12:     layout_loops_cross, minmay_orc_entry_guard_dogs, gammafunk_ghost_split
D:13:     layout_roguey, hangedman_decor_clover_reticule
D:14:     layout_irregular_city, hangedman_vaults_entry_quadrant_bands,
          minmay_stone_trees_small, gammafunk_ghost_wrathful_warriors,
          uniq_roxanne
D:15:     hangedman_depths_entry_civil_slaughter, layout_loops_corners,
          portal_ice_cave_entry_dragon, hangedman_decor_points
Temple:   hellmonk_temple_divided_pantheon
Lair:1:   layout_loops_ring, nicolae_quartered_pool_impasse, grunt_megastairs_5
Lair:2:   layout_regular_city, nicolae_snake_entry_squirm,
          dreamdust_mushroom_princess
Lair:3:   layout_misc_corridors, elwin_shoals_entry_rooms, lemuel_centaur_altar,
          infiniplex_staircase_pool, lemuel_fruit_fields, serial_bayou_shore_a
Lair:4:   layout_misc_corridors
Lair:5:   due_jungle_book, layout_cave_shapes, nicolae_slime_entry_field_trip,
          uniq_rupert
Shoals:1: layout_shoals, st_sunken_temple, uniq_nikola
Snake:1:  layout_onion_interference, serial_shops, shop, shop,
          nicolae_shop_firing_range
Orc:1:    layout_caves, nicolae_orc_sculptors_studio, guppyfry_library_mini
Orc:2:    st_orc_rangers, layout_caves, special_room, mines1_david
Elf:1:    elf_arrival_001, layout_gridlike, minmay_elf_annihilation, drop_trap
Elf:2:    elven_hall_of_blades_hangedman_original
          [infiniplex_blade_entry_pillars], layout_geoelf_octagon,
          portal_desolation_entry_twin_temple
Elf:3:    minmay_elf_hall_statues, layout_geoelf_castle, ebering_ghost_gozag,
          st_stairs_3, serial_sigils_hangedman_shear, uniq_donald, uniq_aizul

Skill      XL: |  1  2  3  4  5  6  7  8  9 10 11 12 13 14 15 16 17 |
---------------+----------------------------------------------------+-----
Fighting       | 4 5 6 7 8 10 12 13 15 16 18 19 | 19.0
Axes           | 3 4 5 6 7 9 10 12 14 16 17 18 20 22 24 | 24.2
Shields        | 4 5 6 7 9 10 11 12 13 14 | 14.0
Armour         | 4 5 6 8 9 10 12 13 14 15 | 15.4
Dodging        | 1 2 3 4 5 6 |  6.5
Stealth        | 1 2 3 4 |  4.5
Evocations     | 1 2 |  2.1

Action                     |  1- 3 |  4- 6 |  7- 9 | 10-12 | 13-15 | 16-18 || total
---------------------------+-------+-------+-------+-------+-------+-------++-------
  Melee: War axe           |    68 |   146 |   262 |   414 |   814 |       ||  1704
         Broad axe         |       |       |       |       |   194 |   465 ||   659
         Executioner's axe |       |       |       |       |       |    29 ||    29
  Evoke: Wand              |       |       |       |     4 |     4 |       ||     8
    Use: Scroll            |       |     4 |     9 |    16 |     7 |     5 ||    41
         Potion            |       |       |       |     4 |     4 |     6 ||    14
   Stab: Distracted        |       |       |     1 |     5 |     5 |     2 ||    13
 Armour: Scale mail        |    14 |       |       |       |       |       ||    14
         Chain mail        |    40 |   107 |   180 |   213 |   552 |   268 ||  1360
         Plate armour      |       |       |       |       |       |    17 ||    17
  Dodge: Dodged            |    40 |    71 |   108 |   142 |   495 |   251 ||  1107
  Block: Buckler           |    23 |    42 |    96 |   130 |   333 |    53 ||   677
         Kite shield       |       |       |       |       |       |   261 ||   261
